[Event "Polish Youth B18 Championship 2023"]
[Site "Jastrzebia Gora"]
[Date "2023.03.12"]
[Round "1.8"]
[White "Chyzy, Jakub"]
[Black "Madajczak, Piotr"]
[Result "1/2-1/2"]
[ECO "B11"]
[WhiteElo "2250"]
[BlackElo "1897"]
[Annotator "TA"]
[PlyCount "88"]
[EventDate "2023.03.11"]
[EventType "swiss"]
[EventCountry "POL"]
[SourceTitle "playchess.com"]
[Source "ChessBase"]
[SourceQuality "1"]
[TimeControl "40/5400+30:1800+30"]

1. e4 c6 2. Nf3 d5 3. Nc3 Bg4 4. h3 Bxf3 5. Qxf3 e6 6. Be2 Bc5 {[%emt 0:02:18] B11: Caro-Kann: Two Knights Variation.} 7. O-O Ne7 8. Na4 Bd6 {[%emt 0:02:03] White has an edge.} 9. d4 dxe4 10. Qxe4 Nd7 11. c4 O-O 12. Rd1 Nf6 13. Qf3 {[%emt 0:02:10] [#]} Qa5 $146 {[%emt 0:06:22] Prevents Nc5} ({Predecessor:} 13... Re8 14. Nc3 Ng6 15. Bg5 h6 16. Bxf6 Qxf6 17. Qxf6 gxf6 18. d5 cxd5 19. cxd5 Red8 {½-½ Skytte,R (2354)-Jacobsen,M (2267) Odense IM-B 2022 (3)}) 14. Nc3 Rad8 15. Bd3 Bb8 16. g3 Rd7 17. Bd2 Qd8 18. Bg5 {[%emt 0:03:22] This pair of bishops is nice.} Rxd4 {[%emt 0:20:17] The position is equal.} 19. Bxf6 gxf6 20. Qxf6 {[%emt 0:03:09][%cal Od3h7] [#] Hoping for Bxh7+!} Ng6 {[%emt 0:05:18] Dodges Bxh7+} 21. Qxd8 Rfxd8 22. Be2 Be5 23. Rxd4 Rxd4 24. Rd1 {[%emt 0:00:09] Wards off Rd2} Rxd1+ 25. Nxd1 $11 {[%emt 0:00:11][%mdl 4096] Endgame KBN-KBN} Bd4 26. Kg2 Ne5 27. f4 Nd7 28. Kf3 f5 29. Bd3 h5 30. g4 hxg4+ 31. hxg4 fxg4+ 32. Kxg4 Kf7 33. Kf3 Nf6 34. b4 Ke7 35. Ne3 Bc3 36. Nc2 b6 37. Be4 Kd6 38. Ke3 Ng4+ 39. Kd3 Bg7 40. Bg2 Nf2+ 41. Ke2 Ng4 42. Bh3 Nh6 43. Ne3 e5 44. fxe5+ Kxe5 {Weighted Error Value: White=0.05 (flawless) /Black=0.04 (flawless)} 1/2-1/2

[Event "Polish Youth B18 Championship 2023"]
[Site "Jastrzebia Gora"]
[Date "2023.03.12"]
[Round "1.9"]
[White "Kozlowski, Franciszek"]
[Black "Kacprzak, Kacper"]
[Result "0-1"]
[ECO "E04"]
[WhiteElo "1829"]
[BlackElo "2248"]
[Annotator "TA"]
[PlyCount "60"]
[EventDate "2023.03.11"]
[EventType "swiss"]
[EventCountry "POL"]
[SourceTitle "playchess.com"]
[Source "ChessBase"]
[SourceQuality "1"]
[TimeControl "40/5400+30:1800+30"]

1. d4 Nf6 2. c4 e6 3. g3 d5 4. Nf3 dxc4 5. Bg2 c6 6. O-O b5 7. a4 {[%emt 0:00:35] E04: Open Catalan: 5 Nf3.} Bb7 8. Ne5 {[%emt 0:02:25] [#] aiming for axb5.} a6 9. Nc3 {[%emt 0:02:02] The position is equal.} Qc8 10. Qc2 Nbd7 11. Bf4 Be7 12. Rfd1 O-O (12... Nd5 {is interesting.} 13. Ne4 N7f6 14. Nc5 Nxf4 15. gxf4 Nd5) 13. e4 Nxe5 14. Bxe5 Nd7 {[%emt 0:25:56] Threatens to win with ...Nxe5.} 15. Bf4 {[%emt 0:00:19] [#]} Rd8 $146 ({Predecessor:} 15... e5 16. dxe5 Nc5 17. Bf1 Qe6 18. axb5 axb5 19. Rxa8 Rxa8 20. Ne2 Nb3 21. h4 Bc5 {½-½ Fawole,J-Mihajlov,S (2185) Gibraltar Challengers-B 12th 2014 (3)}) 16. d5 {[%emt 0:12:35] Black converts the advantage convincingly.} ({Better is} 16. h4 $15) 16... e5 17. d6 Bf8 18. Bg5 {[%emt 0:05:46] [#]} Nf6 $1 19. f4 (19. Bxf6 $17 gxf6 20. Qe2 (20. axb5 axb5 21. Rxa8 Bxa8 $17) 20... Rxd6 21. Rxd6 Bxd6 22. Nd1) 19... Rxd6 $19 (19... Bxd6 20. Rxd6 Rxd6 21. fxe5 $16) 20. fxe5 Rxd1+ 21. Rxd1 Ng4 22. Bh3 Qe6 23. Qd2 Re8 {[%emt 0:06:42] And now ...b4 would win.} 24. Ne2 $2 (24. Bxg4 {is a better defense.} Qxg4 25. Qd7 Qxd7 26. Rxd7) 24... Bc8 (24... bxa4 $2 25. Nd4 Bc5 26. Be3 $19) (24... Bc5+ $2 25. Kg2 $19) 25. Qd4 {[%emt 0:14:28] Prevents Bc5.} Qxe5 26. Qxe5 Nxe5 (26... Rxe5 $2 {perishes.} 27. Rd8 Rxg5 28. Rxc8 $19) 27. Bxc8 Rxc8 28. Be3 Re8 (28... bxa4 $2 {loses.} 29. Ra1 $19) 29. axb5 axb5 (29... cxb5 $2 {too greedy.} 30. Nf4 $19) 30. Ra1 Nd3 {[%emt 0:00:31][%csl LRb2,LRe4] Weighted Error Value: White=0.46/Black=0.20 (precise)} 0-1

[Event "Polish Youth B18 Championship 2023"]
[Site "Jastrzebia Gora"]
[Date "2023.03.12"]
[Round "1.10"]
[White "Luberanski, Jakub"]
[Black "Kotowicz, Kamil"]
[Result "1-0"]
[ECO "E10"]
[WhiteElo "2242"]
[BlackElo "1828"]
[Annotator "TA"]
[PlyCount "105"]
[EventDate "2023.03.11"]
[EventType "swiss"]
[EventCountry "POL"]
[SourceTitle "playchess.com"]
[Source "ChessBase"]
[SourceQuality "1"]
[TimeControl "40/5400+30:1800+30"]

1. d4 Nf6 2. c4 e6 3. Nf3 d5 4. e3 Be7 5. Be2 O-O 6. O-O c5 7. cxd5 Nxd5 8. Nc3 Nc6 9. e4 {[%emt 0:05:58] D41: Queen's Gambit Declined: Semi-Tarrasch with 5 cxd5.} Nb6 10. dxc5 Bxc5 {[%emt 0:05:11] [#]} 11. Qc2 $146 (11. Bf4 $14) ({Predecessor:} 11. Be3 Bxe3 12. fxe3 Qe7 13. Rc1 Nd7 14. Qe1 Nde5 15. Qg3 f6 16. a3 Bd7 17. b4 {½-½ Ozols,K-Koshnitsky,G AUS-ch Adelaide 1960 (13)}) 11... Qe7 (11... e5 $11) 12. e5 $14 Nd4 13. Qe4 Nxe2+ 14. Qxe2 h6 {[%emt 0:04:31] Prevents Bg5} 15. Ne4 Bd7 {[%emt 0:02:54] [#]} (15... Nd5 $11 {remains equal.}) 16. Bxh6 $1 $16 gxh6 17. Qc2 Kg7 {[%emt 0:00:19] Against Nf6} 18. Qxc5 ({But not} 18. Nxc5 Rac8 19. b4 Na4 $14) 18... Qxc5 19. Nxc5 Bc6 20. Nd4 $1 Bd5 21. b3 a6 22. Rac1 {[%emt 0:00:08] White is more active.} Rac8 23. Rfd1 Rfd8 24. f4 Nd7 25. Nd3 Kf8 26. Rxc8 Rxc8 27. Rc1 Rxc1+ 28. Nxc1 {[%emt 0:00:03][%mdl 4096] Endgame KBN-KNN} Nc5 29. Kf2 Kg7 30. g3 Kg6 31. b4 Ne4+ 32. Ke3 {[%emt 0:00:21] Nce2 is the strong threat.} Kh5 33. Nce2 {[%emt 0:18:01] Hoping for f5.} Kg4 {[%emt 0:05:09] [#]} 34. f5 $1 {[%emt 0:01:21][%mdl 512] Strongly threatening fxe6.} Ng5 {[%emt 0:02:10] [#]} (34... exf5 $2 35. h3+ Kxh3 36. Nf4+ (36. Nxf5 Kh2 $16) 36... Kg4 37. Nxd5 $18) 35. fxe6 (35. h4 $1 $16 Nh7 36. Nc3) 35... Nxe6 36. a3 Bc4 37. Nxe6 Bxe6 {[%emt 0:01:15] KB-KN} 38. Nf4 {[%emt 0:00:51] Threatens to win with Nxe6.} Bd7 (38... Bb3 $16) 39. Kd4 {[%emt 0:07:40] Kc5 would be deadly.} Bc6 (39... h5 $16 {is a better defense.} 40. Kc5 Bb5 41. h3+ Kg5) 40. Kc5 $18 Kf5 {[%emt 0:00:00] [#]} 41. Kd6 Bb5 42. Nd5 Bd3 (42... h5 $142 43. Nf6 Be2) 43. Nf6 Bb5 44. Ng8 Kg5 (44... h5 45. Nf6 Be2) 45. h4+ Kh5 {[%emt 0:04:46] [#]} 46. g4+ $1 {[%emt 0:04:24][%mdl 576] Decoy} Kxg4 (46... Kg6 47. Ne7+) 47. Nxh6+ Kxh4 48. Nxf7 {[%emt 0:00:02] White mates.} Kg4 49. Nd8 b6 50. e6 Kf5 51. e7 Kf6 52. Ne6 Kf7 53. Nc7 {[%emt 0:00:07] Weighted Error Value: White=0.13 (very precise) /Black=0.46} 1-0

[Event "Polish Youth B18 Championship 2023"]
[Site "Jastrzebia Gora"]
[Date "2023.03.12"]
[Round "1.11"]
[White "Smetek, Michal"]
[Black "Ochedzan, Tymon"]
[Result "1/2-1/2"]
[ECO "A57"]
[WhiteElo "1787"]
[BlackElo "2240"]
[Annotator "TA"]
[PlyCount "123"]
[EventDate "2023.03.11"]
[EventType "swiss"]
[EventCountry "POL"]
[SourceTitle "playchess.com"]
[Source "ChessBase"]
[SourceQuality "1"]
[TimeControl "40/5400+30:1800+30"]

1. d4 Nf6 2. c4 c5 3. d5 b5 4. cxb5 a6 5. b6 g6 6. Nc3 d6 7. Nf3 Bg7 {[%emt 0:00:29][%cal Oe8g8] A57: Benko/Volga Gambit.} 8. Nd2 Nbd7 9. e4 O-O 10. Be2 Nxb6 11. O-O e6 12. dxe6 Bxe6 13. a4 d5 14. a5 {[%emt 0:03:57] [#]} Nbd7 $146 ({Predecessor:} 14... d4 15. axb6 dxc3 16. b7 cxb2 17. Bxb2 Ra7 18. Bxa6 Qb6 19. Rb1 Qxa6 20. Bxf6 Rxb7 21. Bxg7 Kxg7 22. Rxb7 Qxb7 {½-½ Ertbjerg,P (1925)-Nielsen,M (2062) Valby K41 Aabent-ch 1011 2010 (7)}) 15. exd5 Nxd5 ({Don't do} 15... Bxd5 16. Nxd5 Nxd5 17. Nc4 $14) 16. Nde4 Nb4 17. Be3 Qc7 18. Qa4 Rab8 19. Rac1 Bf5 20. Rfd1 Be5 21. h3 Rfd8 22. g4 Be6 23. Ng5 $1 Nf6 (23... Bf4 $1 $11 {remains equal.} 24. Nxe6 fxe6) 24. Nxe6 $16 fxe6 25. g5 Rxd1+ 26. Qxd1 Nfd5 27. Nxd5 Nxd5 28. Bxc5 Bf4 {[%emt 0:03:21] [#]} (28... Bxb2 $16 29. Bg4 Nf4) 29. Bg4 $1 $18 {[%emt 0:01:55] This pair of bishops is nice.} Re8 {[%emt 0:05:20] [#]} (29... Qe5 30. Qe1) 30. Bxe6+ $1 {[%emt 0:02:40][%mdl 576] Remove Defender} Rxe6 31. Qxd5 Qf7 (31... Qe5 32. Rd1 Bxg5) 32. Rd1 {[%emt 0:00:19] Qa8+ would kill now.} Re1+ 33. Kg2 $1 Rxd1 34. Qxd1 Bxg5 {[%emt 0:00:58][%mdl 4096] Endgame KQB-KQB} 35. b4 (35. Qf3 Be7 $18) 35... Be7 {[%emt 0:02:12] [#]} 36. Bxe7 {[%emt 0:03:53][%mdl 64] Deflection} Qxe7 {[%emt 0:00:02] KQ-KQ} 37. Qd5+ Kg7 38. b5 axb5 39. a6 Kh6 40. Qxb5 Qe4+ 41. Kg1 Qe1+ {[%emt 0:05:08] [#]} 42. Qf1 $1 Qc3 43. Qe2 {[%emt 0:00:55] Intending Qe3+ and mate.} ({Weaker is} 43. a7 Qa3 $11) 43... Qc1+ 44. Kg2 {[%emt 0:02:02] White threatens Qe3+ and mate.} Qc6+ 45. f3 Qc5 46. Qd2+ Kg7 47. h4 Qa7 48. Qb2+ Kh6 49. Qa2 Kg7 50. Qa1+ Kh6 51. Qf6 Qc7 52. Kh3 (52. Qd4 $142 Qc2+ 53. Kg3 Qe2 54. a7 Qe1+ 55. Kg2 Qe2+ 56. Kg3 Qe1+ 57. Qf2) 52... Qd7+ 53. Kg3 Qa7 54. Kg2 {[%emt 0:04:13] Inhibits Qg1+.} (54. Qg5+ $18 Kg7 55. Qe5+ Kh6 56. Qf4+ Kg7 57. Qc4 Qg1+ 58. Kf4) 54... Qc7 55. Kf2 $2 (55. Qd4 {mates} Qc2+ 56. Kg3 Qe2 57. a7 Qe1+ 58. Qf2 Qa5 59. Qe3+ Kg7 60. Qe7+ Kh6 61. Qf8+ Kh5 62. a8=Q) 55... Qh2+ $11 {[%emt 0:04:16] The position is equal.} 56. Ke3 Qg1+ 57. Ke4 {[%emt 0:00:28][%cal Of6g5] White wants to mate with Qg5+!} Qb1+ 58. Kd5 Qb5+ 59. Ke4 {[%emt 0:00:47][%cal Of6g5] Threatening mate with Qg5+!} Qb1+ 60. Ke3 Qe1+ 61. Kd3 {[%emt 0:00:50] And now Qf4+ would win.} Qd1+ 62. Ke4 {[%emt 0:01:34] Blacks defense is rewarded with a draw. An interesting game.   Weighted Error Value: White=0.26 (precise) /Black=0.32} (62. Kc4 $5 Qa4+ $8 63. Kc5 Qa5+ 64. Kc4 Qa4+ 65. Kd5 Qb5+ 66. Ke4 Qe2+ 67. Kf4 Qd2+ 68. Kg4 Qg2+ 69. Kf4 Qd2+ 70. Ke5 Qe2+ 71. Kf4 Qd2+ $11) 1/2-1/2

[Event "Polish Youth B18 Championship 2023"]
[Site "Jastrzebia Gora"]
[Date "2023.03.12"]
[Round "1.12"]
[White "Kacprzak, Karol"]
[Black "Lis, Maksymilian"]
[Result "1/2-1/2"]
[ECO "B42"]
[WhiteElo "2221"]
[BlackElo "1784"]
[Annotator "TA"]
[PlyCount "120"]
[EventDate "2023.03.11"]
[EventType "swiss"]
[EventCountry "POL"]
[SourceTitle "playchess.com"]
[Source "ChessBase"]
[SourceQuality "1"]
[TimeControl "40/5400+30:1800+30"]

1. e4 c5 2. Nf3 e6 3. d4 cxd4 4. Nxd4 a6 5. Bd3 Nc6 6. Nxc6 dxc6 $1 {[%emt 0:00:13] The main line 6...dxc6 scores better than 6...bxc6.} 7. a4 e5 8. O-O Bc5 {[%emt 0:02:03] B42: Sicilian: Kan Variation: 5 Bd3.} 9. Qf3 Nf6 10. Be3 Qe7 11. a5 O-O 12. Nc3 {[%emt 0:02:54] [#]} Be6 $146 ({Predecessor:} 12... Ng4 13. Bxc5 Qxc5 14. Qe2 Be6 15. Qe1 Rad8 16. Na4 Qe7 17. Qc3 Qg5 18. Be2 Nf6 {½-½ Berzinsh,R (2428)-Miezis,N (2468) LAT-ch Riga 2017 (5)}) 13. Na4 Bxe3 14. Qxe3 Nd7 15. Qe1 Rfe8 16. Qc3 Rad8 17. Rfe1 Qd6 18. Bf1 Qc7 19. Rad1 Nf8 20. Nc5 Bc8 21. Bc4 Rxd1 22. Rxd1 Be6 23. Be2 {[%emt 0:10:36] White has more active pieces.} Bc8 24. Bc4 Be6 $1 25. Be2 Bc8 $1 26. h3 Ne6 27. Nxe6 Bxe6 28. b4 h6 29. Qd2 Re7 30. Qd8+ Qxd8 31. Rxd8+ $11 {[%emt 0:00:02][%mdl 4096] Endgame KRB-KRB} Kh7 32. Bg4 Bxg4 33. hxg4 {[%emt 0:00:01] KR-KR} Kg6 34. Kf1 Kg5 35. f3 Rc7 36. Rd3 Kf6 37. Ke2 Ke7 38. Kd2 f6 39. g3 Rd7 40. Kc3 Rxd3+ $4 (40... g5 $11) 41. cxd3 {[%emt 0:04:02][%cal Bc2d3,Bd3d4][%mdl 32] KP-KP} g5 42. Kc4 Kd7 43. d4 Kc7 {[%emt 0:25:56] [#]} 44. f4 $2 gxf4 {[%emt 0:03:36] The position is equal.} 45. gxf4 exf4 46. Kd3 {[%emt 0:00:04] Threatens to win with Ke2.} b6 $1 47. Ke2 {[%emt 0:09:14] Black must now prevent axb6+.} bxa5 48. bxa5 Kd6 49. Kf3 c5 50. dxc5+ Kxc5 51. Kxf4 {[%emt 0:00:07] K3P-K3P} Kd4 52. Kf5 Ke3 53. Kxf6 {[%emt 0:01:05] [#] Threatening mate with e5.} Kxe4 {[%emt 0:00:04] KPP-KPP} 54. Kg6 Kf4 55. Kxh6 {[%emt 0:00:34] g5 would kill now.} Kxg4 {[%emt 0:00:04] KP-KP} 56. Kg6 Kf4 57. Kf6 Kg4 58. Ke6 Kg5 59. Ke5 Kg6 60. Ke6 Kg5 {[%emt 0:00:10] Weighted Error Value: White=0.19 (very precise) /Black=0.07 (flawless)} 1/2-1/2

[Event "Polish Youth B18 Championship 2023"]
[Site "Jastrzebia Gora"]
[Date "2023.03.12"]
[Round "1.13"]
[White "Pieczulis, Blazej"]
[Black "Kaliszuk, Kamil"]
[Result "0-1"]
[ECO "D45"]
[WhiteElo "1784"]
[BlackElo "2217"]
[Annotator "TA"]
[PlyCount "110"]
[EventDate "2023.03.11"]
[EventType "swiss"]
[EventCountry "POL"]
[SourceTitle "playchess.com"]
[Source "ChessBase"]
[SourceQuality "1"]
[TimeControl "40/5400+30:1800+30"]

1. d4 d5 2. c4 e6 3. Nf3 c6 4. e3 Nf6 5. Nc3 Nbd7 6. Be2 Bd6 7. O-O O-O 8. b3 b6 9. Bb2 Bb7 10. Bd3 c5 11. cxd5 exd5 {[%emt 0:04:41] [#]} 12. Bb5 $146 {[%emt 0:08:58] E14: Queen's Indian: Classical Variation (4 e3).} ({Predecessor:} 12. Rc1 Rc8 13. Ne2 Ne4 14. Ng3 f5 15. Qe2 Rc7 16. Rfd1 Qe7 17. Ba6 Ba8 18. Bb5 g6 19. Bxd7 Rxd7 20. Ba1 f4 21. dxc5 Bxc5 22. Nxe4 Qxe4 {0-1 Suleymenov,A (2440)-Adly,A (2588) Wch Rapid Almaty 2022 (12)}) 12... Rc8 13. Qd3 (13. Qe2 $11 {is more appropriate.}) 13... Qe7 (13... a6 $5 14. Bxd7 (14. Bxa6 c4 $17) 14... Qxd7 $15) 14. Rfd1 (14. Qe2 $11) 14... Rfd8 ({Black should try} 14... a6 $15 15. Bxd7 (15. Bxa6 c4 $17) 15... c4) 15. Rac1 (15. Qe2 $11) 15... Nf8 (15... c4 $15 16. bxc4 a6 {[%mdl 64] Deflection}) 16. dxc5 bxc5 17. Qf5 Rb8 18. Be2 Bc6 {[%emt 0:05:42] Prevents Nb5.} 19. Qc2 (19. Na4 {is more complex.} Ne4 20. Nc3 g6 21. Qh3) 19... Ne6 {[%emt 0:03:00][%cal Od5d4] ...d4! would be deadly.} 20. Nb1 Ne4 21. Nbd2 N6g5 22. Nxg5 Nxg5 (22... Qxg5 23. f4 Qe7 24. Nxe4 dxe4 25. Rxd6 Rxd6 26. Be5 $16 (26. Qxc5 Rbd8 $14)) 23. h4 Ne6 24. Nf3 d4 25. Qf5 (25. exd4 $11 {keeps the balance.} Bf4 26. Ra1) 25... g6 $17 26. Qg4 {[%emt 0:00:24] [#]} (26. Qc2 $142) 26... h5 $1 27. Qh3 dxe3 28. fxe3 {[%emt 0:00:27] [#]} Nf4 $1 29. exf4 {[%emt 0:00:01] And now Ne5 would win.} Qxe2 30. Bf6 Qe3+ (30... Bxf4 $17 31. Re1 Qxa2 32. Bxd8 Rxd8) 31. Kh1 $11 Re8 $36 {[%emt 0:00:58][%mdl 2048] Black has some pressure.} 32. Bg5 {[%emt 0:01:58] Hoping for f5.} f6 ({Don't play} 32... Bxf4 $6 33. Re1 Bxg5 34. Rxe3 Bxe3 35. Re1) 33. Re1 Qf2 34. Rf1 (34. Re6 $11 Bxf3 35. Rxf6) 34... Qb2 $17 35. Rb1 Qxa2 {[%emt 0:01:00] Black is much more active.} 36. Bxf6 Bxf4 {[%emt 0:01:13] This pair of bishops is nice.} ({Much worse is} 36... Rxb3 $6 37. Qg3 Be4 38. Ra1 $11) 37. Ra1 $2 {[%emt 0:01:07] Now White is beyond hope.} (37. Bg5 $17 Bxg5 38. Nxg5) 37... Qxb3 $19 38. Ng5 $2 (38. Rxa7 Rb7 39. Rxb7 Qxb7 40. Re1) 38... Bxg5 39. Qxb3+ Rxb3 40. Bxg5 Re2 {[%emt 0:00:00] ( -> ...Rh3+)} 41. Rf3 {[%emt 0:08:54] Prevents Rh3+.} Bxf3 42. gxf3 Rxf3 {[%emt 0:00:12][%mdl 4096] Endgame KRR-KRB} 43. Rb1 Re8 {[%emt 0:00:55] White must now prevent ...Re2.} 44. Kg2 Rf7 45. Rc1 Rc8 46. Rc4 Rb7 47. Kf3 Rb3+ 48. Ke2 Rb4 49. Rc1 c4 {[%emt 0:00:08] aiming for ...c3.} 50. Ke3 c3 51. Kd3 {[%emt 0:00:04] [#]} c2 $1 52. Rf1 {[%emt 0:00:15] [#]} (52. Be7 Rg4) 52... c1=Q $1 53. Bxc1 Rb1 54. Kd2 {[%emt 0:00:12] [#]} Rbxc1 $1 55. Rxc1 Rxc1 {[%emt 0:00:06] Weighted Error Value: White=0.51/Black=0.25 (precise)} 0-1

[Event "Polish Youth B18 Championship 2023"]
[Site "Jastrzebia Gora"]
[Date "2023.03.12"]
[Round "1.14"]
[White "Malik, Maciej"]
[Black "Krasniewski, Szymon"]
[Result "0-1"]
[ECO "B06"]
[WhiteElo "2163"]
[BlackElo "1771"]
[Annotator "TA"]
[PlyCount "140"]
[EventDate "2023.03.11"]
[EventType "swiss"]
[EventCountry "POL"]
[SourceTitle "playchess.com"]
[Source "ChessBase"]
[SourceQuality "1"]
[TimeControl "40/5400+30:1800+30"]

1. e4 g6 2. d4 Bg7 3. Nc3 d6 4. Be3 Nd7 5. Be2 a6 6. Nf3 {[%emt 0:09:00] B06: Modern Defence.} b5 7. a3 Bb7 8. O-O {[%emt 0:02:24] The position is equal.} c5 9. d5 Ngf6 10. Nd2 O-O 11. f3 (11. Bf4 $15) 11... e6 $17 12. dxe6 fxe6 {[%emt 0:00:06] [#]} 13. Nb3 $146 ({Predecessor:} 13. Bg5 h6 14. Bh4 Qc7 15. Na2 Nh5 16. c3 g5 17. Bf2 Nf4 18. Nc1 c4 19. g3 Nh3+ {½-½ Bezak,R (1689)-Janicek,J (1595) SVK-chT3B2 1516 2015 (11.4)}) 13... Qc7 14. Qd2 d5 15. exd5 exd5 ({Stronger than} 15... Nxd5 16. Nxd5 Bxd5 17. Rad1 $15) 16. Nd1 d4 17. Bf2 (17. Bg5 $17) 17... Nh5 $19 18. Na5 Nf4 (18... Be5 $19 19. g3 Bxf3) 19. Nxb7 $17 Qxb7 20. Bd3 Nxd3 (20... Rae8 $142 {Threatens to win with ...c4.} 21. Bg3 Nxd3 22. cxd3 c4) 21. cxd3 Rac8 {[%emt 0:14:13] Black is more active.} 22. a4 Rf5 ({Black should try} 22... Ne5 $17 {[%cal Of8f3] White must now prevent ...Rxf3!} 23. Bg3 c4) 23. axb5 axb5 24. Re1 (24. b3 $15) 24... Nf8 (24... c4 $1 $17 {aiming for ...Nc5.} 25. Qe2 Ne5 26. dxc4 bxc4) 25. b3 Qf7 26. Qa2 c4 $36 {[%emt 0:03:49][%mdl 2048] Black is pushing.} 27. bxc4 bxc4 28. Qa6 Rfc5 29. Nb2 $2 (29. dxc4 $11 Qxc4 30. Qxc4+ Rxc4 31. Nb2) 29... c3 $19 30. Nc4 {[%emt 0:00:13] [#]} Rxc4 (30... R5c6 $1 $19 31. Qa3 Rxc4 32. dxc4 Qxc4) 31. dxc4 $17 Qxc4 32. Qb7 {[%emt 0:01:06][%mdl 8192] This move loses the game for White.} (32. Qxc4+ $15 Rxc4 33. Re4) 32... Rc7 33. Qb8 (33. Ra4 Qxa4 34. Qxc7) 33... d3 $2 (33... c2 {Strongly threatening ...d3.} 34. Re4 c1=Q+ 35. Rxc1 Qxc1+ 36. Be1 Bh6 37. Qb3+ Kg7) 34. Re4 $19 Qf7 {[%emt 0:01:08][%mdl 1024] ...c2 would be deadly. Black has strong compensation.} 35. Be3 d2 36. Rf4 Qe7 37. Qb3+ Kh8 38. Re4 Qf7 39. Qc2 {[%emt 0:00:20] [#]} Rb7 $1 40. Rf4 (40. Bxd2 $142 cxd2 41. Rd1) 40... Qb3 41. Qxb3 Rxb3 42. Rc4 {[%emt 0:02:06] [#]} (42. Kf2 $142) 42... c2 $1 43. Bxd2 Bxa1 44. Rxc2 Bd4+ 45. Kf1 Rb2 46. Rxb2 Bxb2 47. Kf2 Kg7 48. Be3 (48. f4 $142) 48... Ne6 {[%emt 0:00:11] Hoping for ...Bd4.} 49. Bd2 Kf6 50. g3 $2 (50. Be1) 50... Ke5 51. Ke2 Kd4 52. Be1 Bc1 53. Ba5 (53. Bf2+ $142 Kd5 54. Kd3) 53... Kc4 54. f4 (54. h3 $142 Nd4+ 55. Kf2) 54... Nd4+ 55. Kf2 Kd3 56. Kg2 Ke2 57. Bc7 Nf5 58. g4 Ne3+ 59. Kg3 Bd2 {[%emt 0:07:33] ( -> ...Be1+)} 60. Kh4 Nd5 {[%emt 0:01:16][%csl LRc7,LRf4][%mdl 64] Discovered Attack. Black mates.} 61. Kg5 Nxc7 62. Kh6 Bxf4+ 63. g5 Nd5 64. h4 Ne7 65. h5 Nf5+ 66. Kxh7 gxh5 ({And not} 66... Bxg5 67. Kxg6 Bh6 68. Kxf5 $11) 67. Kg6 Ng3 68. Kf6 h4 69. g6 Bh6 70. g7 {[%emt 0:01:58] [#]} Bxg7+ $1 {[%emt 0:00:04] Weighted Error Value: White=0.66/Black=0.34} 0-1

[Event "Polish Youth B18 Championship 2023"]
[Site "Jastrzebia Gora"]
[Date "2023.03.12"]
[Round "1.15"]
[White "Kossowski, Pawel"]
[Black "Grzesik, Gracjan"]
[Result "1/2-1/2"]
[ECO "B92"]
[WhiteElo "1766"]
[BlackElo "2149"]
[Annotator "TA"]
[PlyCount "61"]
[EventDate "2023.03.11"]
[EventType "swiss"]
[EventCountry "POL"]
[SourceTitle "playchess.com"]
[Source "ChessBase"]
[SourceQuality "1"]
[TimeControl "40/5400+30:1800+30"]

1. e4 c5 2. Nf3 d6 3. d4 cxd4 4. Nxd4 Nf6 5. Nc3 a6 6. Be2 e5 7. Nb3 Be7 8. O-O O-O 9. Be3 Be6 10. Qd2 Nbd7 11. a4 Qc7 12. a5 Rac8 13. Rfd1 Rfd8 14. Qe1 Qc6 {B92: Sicilian Najdorf: 6 Be2.} 15. Bf3 h6 16. Nc1 Nc5 17. N1a2 {[#]} Ra8 $146 ({Predecessor:} 17... Qd7 18. Nb4 Qe8 19. Nbd5 Nxd5 20. Nxd5 Bxd5 21. Rxd5 Ne6 22. c3 Kh8 23. Bg4 Rc6 24. Bg5 f5 {1-0 Thipsay,P (2485)-Shyam,S (2302) New Delhi Parsvnath op 5th 2007 (7)}) 18. Nb4 Qc7 19. Nbd5 Nxd5 20. Nxd5 Bxd5 21. Rxd5 Nd7 22. Qd2 {White is more active.} Rac8 23. c3 Nf6 24. Bb6 Qd7 25. Rd3 Rf8 26. g3 Qc6 27. Re1 Nd7 28. Be3 Nf6 {Inhibits Bg4.} 29. Bb6 Nd7 $1 30. Be3 Nf6 {Prevents Bg4} 31. Bb6 {Weighted Error Value: White=0.10 (very precise) /Black=0.05 (flawless)} 1/2-1/2

[Event "Polish Youth B18 Championship 2023"]
[Site "Jastrzebia Gora"]
[Date "2023.03.12"]
[Round "1.16"]
[White "Backiel, Hubert"]
[Black "Wesolek, Krzysztof"]
[Result "1-0"]
[ECO "C80"]
[WhiteElo "2127"]
[BlackElo "1765"]
[Annotator "TA"]
[PlyCount "73"]
[EventDate "2023.03.11"]
[EventType "swiss"]
[EventCountry "POL"]
[SourceTitle "playchess.com"]
[Source "ChessBase"]
[SourceQuality "1"]
[TimeControl "40/5400+30:1800+30"]

1. e4 e5 2. Nf3 Nc6 3. Bb5 a6 4. Ba4 Nf6 5. O-O Nxe4 6. d4 b5 7. Bb3 d5 8. dxe5 Be6 9. Be3 Bc5 10. Qe2 Na5 {[%emt 0:30:58] C81: Open Ruy Lopez: Keres Variation (9 Qe2).} 11. Rd1 Bxe3 12. Qxe3 c5 {[%emt 0:04:19] [#] Prevents Nd4. Threatens to win with ...c4. The position is equal.} 13. c3 {[%emt 0:00:04] [#]} Nxb3 $146 (13... O-O $11 {keeps the balance.}) ({Predecessor:} 13... O-O 14. Ne1 c4 15. Bc2 f5 16. exf6 Qxf6 17. f3 Nd6 18. Qb6 Qd8 19. Qe3 Bf7 {1-0 Da Costa,P-Costa Neto,P BRA CBI-A corr 1980 (1)}) 14. axb3 $16 Qb6 15. Ne1 {[%emt 0:22:46] Strongly threatening f3.} h6 (15... f5 $16 {was worth a try.}) 16. Nd3 (16. f3 $18 Ng5 17. b4) 16... Rc8 (16... Qc7 $16) 17. b4 $18 Qc6 18. bxc5 Nxc5 19. Nxc5 Qxc5 {[%emt 0:00:01] Black is weak on the dark squares} 20. Qxc5 ({Resist} 20. Rxa6 Qxe3 21. fxe3 O-O $16) 20... Rxc5 21. Rxa6 Kd7 22. Na3 Rb8 23. Nc2 Rb7 24. Nb4 Ke7 25. f3 g6 26. Kf2 h5 27. Rd4 Rc4 28. Ke3 ({Less strong is} 28. Nxd5+ Bxd5 29. Rxd5 b4 $16) 28... Rc5 29. Rd6 Rd7 30. Rb6 f6 $2 {[%emt 0:00:35] [#]} (30... Rdc7 {keeps fighting.} 31. h3 Rc8) 31. exf6+ {[%emt 0:00:21] White is clearly winning.} Kxf6 32. Nd3 Rc8 33. Rf4+ Ke7 34. Ne5 g5 35. Ng6+ Kd8 36. Rf8+ Kc7 37. Rxe6 {[%emt 0:00:07] Black got outplayed after the opening.   Weighted Error Value: White=0.10 (very precise) /Black=0.38} 1-0